 Dungeon Crawl Stone Soup version 0.25-a0-426-g7d9e569eea (webtiles) character file.

Game seed: 18015813719046815889, levelgen mode: deterministic

37 BeastOfSaturn the Skirmisher (level 3, 0/30 HPs)
             Began as a Minotaur Skald on Jan 25, 2020.
             Slain by a howler monkey (6 damage)
             ... on level 1 of the Dungeon.
             The game lasted 00:02:45 (602 turns).

BeastOfSaturn the Skirmisher (Minotaur Skald)        Turns: 602, Time: 00:02:46

Health: 0/30       AC:  5    Str: 15    XL:     3   Next: 23%
Magic:  4/4        EV: 11    Int: 11    God:
Gold:   62         SH:  0    Dex:  9    Spells: 4/5 levels left

rFire    . . .     SeeInvis .   a - +0 hand axe
rCold    . . .     Gourm    .   (no shield)
rNeg     . . .     Faith    .   c - +0 ring mail
rPois    .         Spirit   .   (helmet restricted)
rElec    .         Reflect  .   (no cloak)
rCorr    .         Harm     .   (no gloves)
MR       .....                  (no boots)
Stlth    ..........             (no amulet)
HPRegen  0.10/turn              (no ring)
MPRegen  0.09/turn              (no ring)

@: no status effects
A: retaliatory headbutt, horns 2
a: no special abilities


You were on level 1 of the Dungeon.
You were not hungry.

You visited 1 branch of the dungeon, and saw 2 of its levels.

You collected 62 gold pieces.

Inventory:

Hand Weapons
 a - a +0 hand axe (weapon)
Armour
 b - a +0 leather armour
 c - a +0 ring mail (worn)
 j - a +0 chain mail
Jewellery
 h - a +2 ring of intelligence {unknown}
Wands
 l - a wand of paralysis (10)
Scrolls
 e - 4 scrolls of teleportation {unknown}
 f - a scroll of fog {unknown}
 g - 2 scrolls of identify {unknown}
 i - a scroll of enchant armour {unknown}
 k - a scroll of immolation {unknown}
Comestibles
 d - 3 rations


   Skills:
 + Level 2.6 Fighting
 + Level 2.6 Axes
 * Level 2.0 Armour
 + Level 2.4 Dodging
 + Level 1.5 Spellcasting
 + Level 2.4 Charms


You had 4 spell levels left.
You knew the following spells:

 Your Spells              Type           Power        Failure   Level  Hunger
a - Infusion              Chrm           #...         22%         1    ##.....

Your spell library contained the following spells:

 Spells                   Type           Power        Failure   Level  Hunger
 Song of Slaying          Chrm           #.......     32%         2    ###....
 Shroud of Golubria       Chrm/Tloc      #.....       47%         2    ###....
 Ozocubu's Armour         Chrm/Ice       #.......     71%         3    ####...
 Spectral Weapon          Hex/Chrm       #.......     71%         3    ####...


Dungeon Overview and Level Annotations

Branches:
Dungeon (2/15)

Altars:


Innate Abilities, Weirdness & Mutations

You reflexively headbutt those who attack you in melee.
You have a pair of horns on your head.


Message History

You hit the giant cockroach.
The howler monkey hoots and howls with incredible vigour!
The giant cockroach closely misses you. The howler monkey hits you.
You hear a shout!
You are too injured to fight recklessly!
The giant cockroach barely misses you. The howler monkey hits you.
You climb upwards.
There is a stone staircase leading down here.
You are too injured to fight recklessly!
You hit the howler monkey.
The howler monkey is severely wounded.
You closely miss the giant cockroach. The giant cockroach closely misses you.
The howler monkey hits you.
* * * LOW HITPOINT WARNING * * *
The giant cockroach barely misses you.
You hit the howler monkey.
The howler monkey is almost dead.
You completely miss the giant cockroach.
The howler monkey hits you.
You die...

#............####.##.........
#.................##..⌠...⌠..
#..................#.........
#.............#....+....<....
#.............[....#.........
#..................#..⌠...⌠..
#########..........#.........
#...÷).....#.......[.
#...@s.....#####+####
#...h................
#....................
#....................
#....................
#....................
#....................
######........÷......
#.......))......


You could see a howler monkey and a giant cockroach.

Vanquished Creatures
  An adder (D:2)
  An ooze (D:1)
  A leopard gecko (D:1)
  A giant cockroach (D:1)
  2 goblins (D:1)
  4 hobgoblins (D:1)
  3 bats (D:1)
  2 frilled lizards (D:1)
  5 kobolds
  4 rats
24 creatures vanquished.

Notes
Turn   | Place    | Note
-------+----------+-------------------------------------------
     0 | D:1      | BeastOfSaturn the Minotaur Skald began the quest for the
                  | Orb.
     0 | D:1      | Reached XP level 1. HP: 18/18 MP: 1/1
    34 | D:1      | Reached XP level 2. HP: 12/25 MP: 3/3
   586 | D:2      | Noticed a howler monkey
   591 | D:2      | Reached XP level 3. HP: 21/30 MP: 4/4
   602 | D:1      | Slain by a howler monkey

Levels and vault maps discovered:
D:1:      mushboom_english_gardens, layout_rooms
D:2:      mumra_celtic_spiral_tile, layout_basic, minmay_fractal_squares_5

Skill      XL: |  1  2 |
---------------+-------+-----
Armour         | 2 |  2.0
Fighting       | |  2.6
Axes           | |  2.6
Dodging        | |  2.4
Spellcasting   | |  1.5
Charms         | |  2.4

Action                   || total
-------------------------++-------
Melee: Hand axe          ||    54
       Headbutt          ||     6
Armor: Leather armour    ||     7
       Ring mail         ||    24
Dodge: Dodged            ||    49

Table legend:
 A = Non-vault XP
 B = Vault XP
 C = Vault XP percentage of total XP
 D = Non-vault monster count
 E = Vault monster count
 F = Vault count percentage of total count
                 A         B        C        D         E       F
            +---------+---------+-------+---------+---------+-------
      Total |      37 |      17 |  31.5 |      20 |       4 |  16.7
            +---------+---------+-------+---------+---------+-------
        D:1 |      37 |       0 |   0.0 |      20 |       0 |   0.0
        D:2 |       0 |      17 | 100.0 |       0 |       4 | 100.0
            +---------+---------+-------+---------+---------+-------
